| TOP OF THE 1ST |
|
Atlanta (MID) Braves batting - Pitching for Augusta GreenJackets : RHP Jonathan Fritzinger
|
|
Pitching: RHP Jonathan Fritzinger
|
|
|
Batting: RHB Toki Takeuchi
|
0-0: Ball 1-0: Foul Ball, location: 2F 1-1: Ball 2-1: Foul Ball, location: 2F 2-2: Ball 3-2: Strikes out swinging
|
|
Batting: RHB Badr al Din Ridha
|
0-0: Called Strike 0-1: Foul Ball, location: 2F 0-2: Ball 1-2: Ball 2-2: Ball 3-2: Base on Balls
|
|
Batting: RHB Zheng-ze King
|
0-0: Called Strike Badr al Din Ridha steals 2nd base 0-1: Ball 1-1: Fly out, F7 (Flyball, 78M, EV 72.5 MPH)
|
|
Batting: SHB Richello Badua
|
0-0: Ball 1-0: Swinging Strike 1-1: Ball 2-1: Ball 3-1: Foul Ball, location: 2F 3-2: Base on Balls
|
|
Batting: RHB Josh McCormick
|
0-0: Ball 1-0: Swinging Strike 1-1: Ball 2-1: Fly out, F8 (Flyball, 8RD, EV 87.5 MPH)
|
| Top of the 1st over - 0 runs, 0 hits, 0 errors, 2 left on base; Atlanta (MID) 0 - Augusta 0 |
| BOTTOM OF THE 1ST |
|
Augusta GreenJackets batting - Pitching for Atlanta (MID) Braves : RHP Ioakim Mozgo
|
|
Pitching: RHP Ioakim Mozgo
|
|
|
Batting: RHB Armando Ramirez
|
0-0: DOUBLE (Line Drive, 9LS, EV 90.6 MPH)
|
|
Batting: RHB Ryan Roberts
|
0-0: Called Strike 0-1: Ball 1-1: 2-RUN HOME RUN (Flyball, 7LD, EV 88.8 MPH), Distance : 337 ft
|
|
Batting: RHB Coen Dirks
|
0-0: Ball 1-0: Foul Ball, location: 2F 1-1: DOUBLE (Line Drive, 5D, EV 95.6 MPH)
|
|
Batting: LHB Mike Roberts
|
0-0: Swinging Strike 0-1: Called Strike 0-2: Foul Ball, location: 2F 0-2: Strikes out swinging
|
|
Batting: LHB Oscar Tamayo
|
0-0: Called Strike 0-1: Ball 1-1: Swinging Strike 1-2: Strikes out swinging
|
|
Batting: RHB Teruhide Horiuchi
|
0-0: Called Strike 0-1: Ground out 6-3 (Groundball, 4M, EV 82.5 MPH)
|
| Bottom of the 1st over - 2 runs, 3 hits, 0 errors, 1 left on base; Atlanta (MID) 0 - Augusta 2 |
| TOP OF THE 2ND |
|
Atlanta (MID) Braves batting - Pitching for Augusta GreenJackets : RHP Jonathan Fritzinger
|
|
Batting: LHB Oke Monti
|
0-0: Called Strike 0-1: Ball 1-1: Fly out, F7 (Flyball, 7LSF, EV 73.8 MPH)
|
|
Batting: RHB Nick Holsinger
|
0-0: Called Strike 0-1: Called Strike 0-2: Ball 1-2: Ball 2-2: SINGLE (Flyball, 56D, EV 93.8 MPH)
|
|
Batting: RHB Gerard Michel
|
0-0: Swinging Strike Nick Holsinger is caught stealing 2nd base 2-4 0-1: Ball 1-1: Ball 2-1: Ball 3-1: Ground out 5-3 (Groundball, 56, EV 100.6 MPH)
|
| Top of the 2nd over - 0 runs, 1 hit, 0 errors, 0 left on base; Atlanta (MID) 0 - Augusta 2 |
| BOTTOM OF THE 2ND |
|
Augusta GreenJackets batting - Pitching for Atlanta (MID) Braves : RHP Ioakim Mozgo
|
|
Batting: RHB Tsugio Yamaguchi
|
0-0: Called Strike 0-1: Ball 1-1: Swinging Strike 1-2: Strikes out swinging
|
|
Batting: RHB Mike Storey
|
0-0: Called Strike 0-1: Ball 1-1: Foul Ball, location: 2F 1-2: Strikes out swinging, 2-3 out at first.
|
|
Batting: RHB Chris Kulik
|
0-0: Ball 1-0: Ball 2-0: Ball 3-0: Base on Balls
|
|
Batting: RHB Armando Ramirez
|
0-0: Called Strike 0-1: Ball 1-1: Ball 2-1: Foul Ball, location: 2F 2-2: Fly out, F9 (Flyball, 9, EV 83.8 MPH)
|
| Bottom of the 2nd over - 0 runs, 0 hits, 0 errors, 1 left on base; Atlanta (MID) 0 - Augusta 2 |
| TOP OF THE 3RD |
|
Atlanta (MID) Braves batting - Pitching for Augusta GreenJackets : RHP Jonathan Fritzinger
|
|
Batting: LHB Joe Phillips
|
0-0: Called Strike 0-1: Ball 1-1: Swinging Strike 1-2: Ball 2-2: Ball 3-2: Ground out 4-3 (Groundball, 4D, EV 82.5 MPH)
|
|
Batting: RHB Toki Takeuchi
|
0-0: Ball 1-0: Ball 2-0: Called Strike 2-1: Foul Ball, location: 2F 2-2: Ball 3-2: Strikes out swinging, 2-3 out at first.
|
|
Batting: RHB Badr al Din Ridha
|
0-0: Called Strike 0-1: Ground out 6-3 (Groundball, 6, EV 103.8 MPH)
|
| Top of the 3rd over - 0 runs, 0 hits, 0 errors, 0 left on base; Atlanta (MID) 0 - Augusta 2 |
| BOTTOM OF THE 3RD |
|
Augusta GreenJackets batting - Pitching for Atlanta (MID) Braves : RHP Ioakim Mozgo
|
|
Batting: RHB Ryan Roberts
|
0-0: Ground out 6-3 (Groundball, 6, EV 80.0 MPH)
|
|
Batting: RHB Coen Dirks
|
0-0: Fly out, F3 (Popup, 3F, EV 71.9 MPH)
|
|
Batting: LHB Mike Roberts
|
0-0: Ball 1-0: Ball 2-0: Swinging Strike 2-1: Fly out, F7 (Flyball, 7, EV 90.0 MPH)
|
| Bottom of the 3rd over - 0 runs, 0 hits, 0 errors, 0 left on base; Atlanta (MID) 0 - Augusta 2 |
| TOP OF THE 4TH |
|
Atlanta (MID) Braves batting - Pitching for Augusta GreenJackets : RHP Jonathan Fritzinger
|
|
Batting: RHB Zheng-ze King
|
0-0: Called Strike 0-1: Foul Ball, location: 2F 0-2: Fly out, F8 (Flyball, 8LS, EV 81.9 MPH)
|
|
Batting: SHB Richello Badua
|
0-0: Called Strike 0-1: Ball 1-1: SINGLE (Line Drive, 7LS, EV 96.2 MPH)
|
|
Batting: RHB Josh McCormick
|
0-0: Ball 1-0: Called Strike 1-1: Ball Richello Badua steals 2nd base 2-1: Ball 3-1: Ground out 6-3 (Groundball, 56D, EV 103.1 MPH)
|
|
Batting: LHB Oke Monti
|
0-0: Ball 1-0: Ball 2-0: Foul Ball, location: 2F 2-1: Foul Ball, location: 2F 2-2: Ground out U3 (Groundball, 3L, EV 98.8 MPH)
|
| Top of the 4th over - 0 runs, 1 hit, 0 errors, 1 left on base; Atlanta (MID) 0 - Augusta 2 |
| BOTTOM OF THE 4TH |
|
Augusta GreenJackets batting - Pitching for Atlanta (MID) Braves : RHP Ioakim Mozgo
|
|
Batting: LHB Oscar Tamayo
|
0-0: Called Strike 0-1: Ball 1-1: Called Strike 1-2: Ball 2-2: Strikes out looking
|
|
Batting: RHB Teruhide Horiuchi
|
0-0: Ball 1-0: Fly out, F6 (Flyball, 56D, EV 92.5 MPH)
|
|
Batting: RHB Tsugio Yamaguchi
|
0-0: Foul Ball, location: 2F 0-1: Ball 1-1: Swinging Strike 1-2: Strikes out swinging
|
| Bottom of the 4th over - 0 runs, 0 hits, 0 errors, 0 left on base; Atlanta (MID) 0 - Augusta 2 |
| TOP OF THE 5TH |
|
Atlanta (MID) Braves batting - Pitching for Augusta GreenJackets : RHP Jonathan Fritzinger
|
|
Batting: RHB Nick Holsinger
|
0-0: Ball 1-0: SINGLE (Groundball, 6MD, EV 94.4 MPH)
|
|
Batting: RHB Gerard Michel
|
0-0: Foul Ball, location: 2F 0-1: Ball 1-1: Ball 2-1: SINGLE (Line Drive, 6MD, EV 97.5 MPH) Nick Holsinger to second
|
|
Batting: LHB Joe Phillips
|
0-0: Foul Ball, location: 2F 0-1: Ball 1-1: Called Strike 1-2: Strikes out looking
|
|
Pitching: RHP Eddie Ramirez
|
|
|
Batting: RHB Toki Takeuchi
|
0-0: Ball 1-0: Fielders Choice at 2nd, 5-4 (Groundball, 56, EV 97.5 MPH) Nick Holsinger to third
|
|
Batting: RHB Badr al Din Ridha
|
0-0: Ball 1-0: Called Strike 1-1: Swinging Strike 1-2: Ball 2-2: Foul Ball, location: 2F 2-2: Ball 3-2: Foul Ball, location: 2F 3-2: Base on Balls Toki Takeuchi to second
|
|
Batting: RHB Zheng-ze King
|
0-0: Foul Ball, location: 2F 0-1: Ball 1-1: Foul Ball, location: 2F 1-2: Fly out, F8 (Flyball, 8LM, EV 90.0 MPH)
|
| Top of the 5th over - 0 runs, 2 hits, 0 errors, 3 left on base; Atlanta (MID) 0 - Augusta 2 |
| BOTTOM OF THE 5TH |
|
Augusta GreenJackets batting - Pitching for Atlanta (MID) Braves : RHP Ioakim Mozgo
|
|
Batting: RHB Mike Storey
|
0-0: Ball 1-0: Foul Ball, location: 2F 1-1: Called Strike 1-2: TRIPLE (Line Drive, 9D, EV 106.2 MPH)
|
|
Batting: RHB Chris Kulik
|
0-0: Called Strike 0-1: Foul Ball, location: 2F 0-2: Ball Wild Pitch! Mike Storey scores 1-2: Foul Ball, location: 2F 1-2: Foul Ball, location: 2F 1-2: Ball 2-2: Fly out, F4 (Popup, 23, EV 86.9 MPH)
|
|
Batting: RHB Armando Ramirez
|
0-0: Ball 1-0: SINGLE (Line Drive, 34D, EV 99.4 MPH)
|
|
Batting: RHB Ryan Roberts
|
0-0: Called Strike 0-1: Called Strike Armando Ramirez is caught stealing 2nd base 2-4 0-2: Foul Ball, location: 2F 0-2: Ball 1-2: Strikes out swinging
|
| Bottom of the 5th over - 1 run, 2 hits, 0 errors, 0 left on base; Atlanta (MID) 0 - Augusta 3 |
| TOP OF THE 6TH |
|
Atlanta (MID) Braves batting - Pitching for Augusta GreenJackets : RHP Eddie Ramirez
|
|
Batting: SHB Richello Badua
|
0-0: Swinging Strike 0-1: Ball 1-1: Ball 2-1: Fly out, F2 (Popup, 25F, EV 78.8 MPH)
|
|
Batting: RHB Josh McCormick
|
0-0: Ball 1-0: Reached on error, E4 (Groundball, 4, EV 86.2 MPH)
|
|
Batting: LHB Oke Monti
|
0-0: Ball 1-0: Called Strike 1-1: Ball 2-1: Ball 3-1: Base on Balls Josh McCormick to second
|
|
Batting: RHB Nick Holsinger
|
0-0: Called Strike 0-1: Swinging Strike 0-2: Foul Ball, location: 2F 0-2: Strikes out swinging
|
|
Batting: RHB Gerard Michel
|
0-0: Foul Ball, location: 2F 0-1: Ball 1-1: Called Strike 1-2: Ball 2-2: Foul Ball, location: 2F 2-2: Ball 3-2: Base on Balls Josh McCormick to third Oke Monti to second
|
|
Batting: LHB Joe Phillips
|
0-0: Called Strike 0-1: Ball Wild Pitch! Josh McCormick scores Oke Monti to third Gerard Michel to second 1-1: Foul Ball, location: 2F 1-2: SINGLE (Groundball, 56D, EV 110.0 MPH) Oke Monti scores Gerard Michel to third Runner from 3rd tries for Home, SAFE, throw by LF to home
|
|
Pitching: LHP Jimmy Heinecke
|
|
|
Batting: RHB Toki Takeuchi
|
0-0: Ball 1-0: Called Strike 1-1: Foul Ball, location: 2F 1-2: Foul Ball, location: 2F 1-2: Ball 2-2: Ball 3-2: SINGLE (Flyball, 78M, EV 85.0 MPH) Joe Phillips to second Joe Phillips to third
|
|
Batting: RHB Badr al Din Ridha
|
0-0: Ball 1-0: SINGLE (Groundball, P, EV 95.0 MPH) (infield hit) Joe Phillips scores Toki Takeuchi to second
|
|
Batting: RHB Zheng-ze King
|
0-0: Called Strike 0-1: Ball 1-1: Ground out 3-1 (Groundball, 34S, EV 81.2 MPH)
|
| Top of the 6th over - 4 runs, 3 hits, 1 error, 2 left on base; Atlanta (MID) 4 - Augusta 3 |
| BOTTOM OF THE 6TH |
|
Augusta GreenJackets batting - Pitching for Atlanta (MID) Braves : RHP Ioakim Mozgo
|
|
Batting: RHB Coen Dirks
|
0-0: Ball 1-0: Ball 2-0: Foul Ball, location: 2F 2-1: Fly out, F7 (Line Drive, 7LM, EV 85.6 MPH)
|
|
Batting: LHB Mike Roberts
|
0-0: Foul Ball, location: 2F 0-1: Ball 1-1: Ground out 1-3 (Groundball, 13S, EV 69.4 MPH)
|
|
Batting: LHB Oscar Tamayo
|
0-0: Ball 1-0: Swinging Strike 1-1: Foul Ball, location: 2F 1-2: Strikes out swinging
|
| Bottom of the 6th over - 0 runs, 0 hits, 0 errors, 0 left on base; Atlanta (MID) 4 - Augusta 3 |
| TOP OF THE 7TH |
|
Atlanta (MID) Braves batting - Pitching for Augusta GreenJackets : LHP Jimmy Heinecke
|
|
Pitching: RHP Kevin Spencer
|
|
|
Batting: SHB Richello Badua
|
0-0: Swinging Strike 0-1: Ball 1-1: Ball 2-1: Foul Ball, location: 2F 2-2: Foul Ball, location: 2F 2-2: Strikes out looking
|
|
Batting: RHB Josh McCormick
|
0-0: Foul Ball, location: 2F 0-1: Swinging Strike 0-2: Ground out 5-3 (Groundball, 56S, EV 71.2 MPH)
|
|
Batting: LHB Oke Monti
|
0-0: Ball 1-0: Called Strike 1-1: Ball 2-1: Foul Ball, location: 2F 2-2: Strikes out swinging
|
| Top of the 7th over - 0 runs, 0 hits, 0 errors, 0 left on base; Atlanta (MID) 4 - Augusta 3 |
| BOTTOM OF THE 7TH |
|
Augusta GreenJackets batting - Pitching for Atlanta (MID) Braves : RHP Ioakim Mozgo
|
|
Batting: RHB Teruhide Horiuchi
|
0-0: Ball 1-0: Called Strike 1-1: SINGLE (Line Drive, 56D, EV 105.6 MPH)
|
|
Batting: RHB Tsugio Yamaguchi
|
0-0: Ball 1-0: Ball 2-0: Foul Ball, location: 2F 2-1: Called Strike 2-2: Foul Ball, location: 2F 2-2: Fielders Choice at 2nd, 4-6 (Groundball, 4, EV 93.1 MPH)
|
|
Pinch Hitting: LHB Alex Larangho
|
0-0: Ball 1-0: Called Strike 1-1: Called Strike Tsugio Yamaguchi steals 2nd base 1-2: Ball 2-2: Ground out 5-3 (Groundball, 56, EV 100.0 MPH)
|
|
Batting: RHB Chris Kulik
|
0-0: Fly out, F8 (Line Drive, 8RM, EV 88.1 MPH)
|
| Bottom of the 7th over - 0 runs, 1 hit, 0 errors, 1 left on base; Atlanta (MID) 4 - Augusta 3 |
| TOP OF THE 8TH |
|
Atlanta (MID) Braves batting - Pitching for Augusta GreenJackets : RHP Kevin Spencer
|
|
Now at 1B: Takaaki Nishimoto
|
|
|
Batting: RHB Nick Holsinger
|
0-0: Ball 1-0: Ball 2-0: Called Strike 2-1: Swinging Strike 2-2: Strikes out swinging
|
|
Batting: RHB Gerard Michel
|
0-0: Ball 1-0: Called Strike 1-1: Called Strike 1-2: Strikes out swinging
|
|
Batting: LHB Joe Phillips
|
0-0: Ball 1-0: Ground out U3 (Groundball, 3, EV 103.8 MPH)
|
| Top of the 8th over - 0 runs, 0 hits, 0 errors, 0 left on base; Atlanta (MID) 4 - Augusta 3 |
| BOTTOM OF THE 8TH |
|
Augusta GreenJackets batting - Pitching for Atlanta (MID) Braves : RHP Ioakim Mozgo
|
|
Batting: RHB Armando Ramirez
|
0-0: Ground out 6-3 (Groundball, P, EV 86.9 MPH)
|
|
Batting: RHB Ryan Roberts
|
0-0: Swinging Strike 0-1: Ball 1-1: Called Strike 1-2: Ball 2-2: Strikes out swinging
|
|
Batting: RHB Coen Dirks
|
0-0: Ball 1-0: Ball 2-0: Called Strike 2-1: Called Strike 2-2: Foul Ball, location: 2F 2-2: Ball 3-2: Base on Balls
|
|
Pitching: LHP Darius Brown
|
|
|
Batting: LHB Mike Roberts
|
0-0: Ball 1-0: Called Strike 1-1: Swinging Strike 1-2: Foul Ball, location: 2F 1-2: SINGLE (Line Drive, 56D, EV 99.4 MPH) Coen Dirks to second
|
|
Batting: LHB Oscar Tamayo
|
0-0: Ball 1-0: Fly out, F8 (Flyball, 78XD, EV 98.8 MPH)
|
| Bottom of the 8th over - 0 runs, 1 hit, 0 errors, 2 left on base; Atlanta (MID) 4 - Augusta 3 |
| TOP OF THE 9TH |
|
Atlanta (MID) Braves batting - Pitching for Augusta GreenJackets : RHP Kevin Spencer
|
|
Pitching: RHP Brian Yinger
|
|
|
Batting: RHB Toki Takeuchi
|
0-0: Called Strike 0-1: Swinging Strike 0-2: Strikes out swinging
|
|
Batting: RHB Badr al Din Ridha
|
0-0: Ball 1-0: Ball 2-0: Ground out 5-3 (Groundball, 25, EV 73.8 MPH)
|
|
Batting: RHB Zheng-ze King
|
0-0: Ball 1-0: Ball 2-0: Foul Ball, location: 2F 2-1: Ball 3-1: Base on Balls
|
|
Batting: SHB Richello Badua
|
0-0: Ball 1-0: Swinging Strike Zheng-ze King steals 2nd, throwing error, E2 Zheng-ze King to third 1-1: Ball 2-1: Foul Ball, location: 2F 2-2: Ball 3-2: Base on Balls
|
|
Batting: RHB Josh McCormick
|
0-0: Called Strike 0-1: Swinging Strike 0-2: Ball 1-2: Ball 2-2: Foul Ball, location: 2F 2-2: Ball 3-2: Strikes out swinging
|
| Top of the 9th over - 0 runs, 0 hits, 1 error, 2 left on base; Atlanta (MID) 4 - Augusta 3 |
| BOTTOM OF THE 9TH |
|
Augusta GreenJackets batting - Pitching for Atlanta (MID) Braves : LHP Darius Brown
|
|
Batting: RHB Teruhide Horiuchi
|
0-0: Ball 1-0: SINGLE (Groundball, 4M, EV 106.9 MPH)
|
|
Batting: RHB Tsugio Yamaguchi
|
0-0: Called Strike 0-1: Swinging Strike 0-2: Strikes out looking
|
|
Pinch Hitting: RHB Ryan Bentz
|
0-0: DOUBLE (Line Drive, 7LM, EV 101.9 MPH) Teruhide Horiuchi to third
|
|
Batting: RHB Chris Kulik
|
0-0: SINGLE (Groundball, 56D, EV 96.9 MPH) Teruhide Horiuchi scores Ryan Bentz to third Runner from 3rd tries for Home, SAFE, throw by LF to home
|
| Bottom of the 9th over - 2 runs, 3 hits, 0 errors, 1 left on base; Atlanta (MID) 4 - Augusta 5 |
|